 Dungeon Crawl Stone Soup version 0.29.1-13-g9f3cf754e1 (webtiles) character file.

Game seed: 15039054880747194706

539 Anriel the Trooper (level 7, -3/66 HPs)
             Began as a Hill Orc Fighter on Feb 9, 2023.
             Slain by Duvessa
             ... wielding a +0 short sword
              (11 damage)
             ... on level 5 of the Dungeon.
             The game lasted 00:23:03 (3382 turns).

Anriel the Trooper (Hill Orc Fighter)               Turns: 3382, Time: 00:23:04

Health: -3/66      AC: 18    Str: 21    XL:     7   Next: 26%
Magic:  7/7        EV:  6    Int:  8    God:
Gold:   16         SH:  4    Dex: 10    Spells: 6/6 levels left

rFire   + . .      SeeInvis .   y - +1 hand axe (elec)
rCold   + . .      Faith    .   c - +0 buckler
rNeg    . . .      Spirit   .   j - +0 plate armour
rPois   +          Reflect  .   v - +2 helmet
rElec   +          Harm     .   q - +0 cloak
rCorr   +          Rampage  .   (no gloves)
Will    +....                   l - +1 pair of boots
Stlth   ..........              (no amulet)
HPRegen 0.21/turn               m - ring of willpower
MPRegen 0.10/turn               (no ring)

@: resistant
A: no striking features
a: no special abilities


You were on level 5 of the Dungeon.
You visited 1 branch of the dungeon, and saw 5 of its levels.

You collected 255 gold pieces.
You spent 239 gold pieces at shops.

Inventory:

Hand Weapons
 a - a +0 war axe
 p - a +0 sling
 t - a +0 arbalest
 y - a +1 hand axe of electrocution (weapon)
Missiles
 f - a throwing net (quivered)
Armour
 c - a +0 buckler (worn)
 j - a +0 plate armour (worn)
 l - a +1 pair of boots (worn)
 q - a +0 cloak (worn)
 v - a +2 helmet (worn)
Jewellery
 i - a ring of wizardry
 m - a ring of willpower (left hand)
Wands
 d - a wand of flame (18)
 u - a wand of mindburst (13)
Scrolls
 g - a scroll of blinking
 h - 2 scrolls of magic mapping
Potions
 b - a potion of invisibility {unknown}
 e - a potion of flight
 k - a potion of cancellation {unknown}
 n - a potion of ambrosia {unknown}
 o - a potion of heal wounds {unknown}
 r - 2 potions of brilliance
 s - a potion of lignification {unknown}
 w - a potion of resistance


   Skills:
 - Level 7.0 Fighting
 + Level 5.9 Axes
 - Level 5.0 Armour
 + Level 3.8 Shields


You had 6 spell levels left.
You didn't know any spells.
Your spell library contained the following spells:

 Spells                   Type           Power      Damage    Failure   Level
 Anguish                  Hex/Necr       0%         N/A       100%        4
 Enfeeble                 Hex            0%         N/A       100%        7


Dungeon Overview and Level Annotations

Branches:
Dungeon (5/15)
 Temple: D:4-7

Altars:
Uskayaw

Shops:
D:2 [(   D:3 (

Annotations:
D:5 Duvessa


Message History

Duvessa screams, "No!
How DARE you!"
Duvessa goes berserk!
Duvessa barely misses you.
You hit Duvessa.
Duvessa is moderately wounded.
You block Duvessa's attack. Duvessa hits you with a +0 short sword!
You hit Duvessa but do no damage.
Duvessa is moderately wounded.
Duvessa hits you with a +0 short sword. Duvessa hits you but does no damage.
You hit Duvessa.
Duvessa is moderately wounded.
Duvessa hits you but does no damage.
You hit Duvessa. Lightning courses through Duvessa!
Duvessa is heavily wounded.
Duvessa hits you with a +0 short sword. Duvessa hits you but does no damage.
You barely miss Duvessa.
Duvessa is heavily wounded.
You block Duvessa's attack.
You barely miss Duvessa.
Duvessa is heavily wounded.
You block Duvessa's attack. Duvessa hits you but does no damage.
You barely miss Duvessa.
Duvessa is heavily wounded.
Duvessa hits you with a +0 short sword. You block Duvessa's attack.
You hit Duvessa but do no damage.
Duvessa is heavily wounded.
Duvessa hits you with a +0 short sword!
* * * LOW HITPOINT WARNING * * *
You hit Duvessa but do no damage.
Duvessa is heavily wounded.
Duvessa hits you with a +0 short sword!
* * * LOW HITPOINT WARNING * * *
Duvessa hits you with a +0 short sword.
* * * LOW HITPOINT WARNING * * *
You hit Duvessa.
Duvessa is severely wounded.
Duvessa hits you but does no damage.
You hit Duvessa. Lightning courses through Duvessa!
Duvessa is almost dead.
Duvessa closely misses you. Duvessa hits you with a +0 short sword!
You die...

####
##<>###
##.....##
#.e@....#
#..)...(.#
#...###...#
##.# #...#
#. #... #.
... #. ..


You could see Duvessa (berserk).

Vanquished Creatures
  Sigmund (D:4)
  A sky beast (D:4)
  Dowan (D:5)
  Crazy Yiuf (D:3)
  An iguana (D:4)
  Terence (D:3)
  3 adders
  6 gnolls (D:4)
  3 dart slugs
  2 orcs (D:4)
  5 endoplasms
  4 giant cockroaches
  6 goblins
  5 hobgoblins
  3 jackals (D:1)
  3 quokkas
  14 ball pythons
  7 bats
  10 frilled lizards
  6 kobolds
  4 rats
  A spectral hobgoblin (D:2)
88 creatures vanquished.

Vanquished Creatures (collateral kills)
  A giant cockroach (D:2)
1 creature vanquished.

Vanquished Creatures (others)
  8 plants (D:4)
8 creatures vanquished.

Grand Total: 97 creatures vanquished

Notes
Turn   | Place    | Note
-------+----------+-------------------------------------------
     0 | D:1      | Anriel the Hill Orc Fighter began the quest for the Orb.
     0 | D:1      | Reached XP level 1. HP: 19/19 MP: 1/1
    92 | D:1      | Reached XP level 2. HP: 22/27 MP: 2/2
   104 | D:1      | Reached skill level 4 in Fighting
   554 | D:1      | Reached XP level 3. HP: 34/34 MP: 3/3
   813 | D:2      | Found Cugitu's Weapon Shoppe.
   853 | D:2      | Found a faded altar of an unknown god.
  1258 | D:2      | Found Ashrid's Antique Armour Shop.
  1272 | D:2      | Reached XP level 4. HP: 19/41 MP: 4/4
  1547 | D:2      | Found a hide-covered altar of Uskayaw.
  1731 | D:3      | Noticed a +0 short sword
  1732 | D:3      | Noticed a +0 dagger
  1733 | D:3      | Noticed a +0 falchion
  1733 | D:3      | Noticed a +0 dagger
  1734 | D:3      | Noticed a +0 falchion
  1734 | D:3      | Noticed a +0 spear
  1736 | D:3      | Noticed a +0 short sword
  1737 | D:3      | Noticed a +0 spear
  1742 | D:3      | Found a hide-covered altar of Uskayaw.
  2032 | D:3      | Noticed Terence
  2042 | D:3      | Killed Terence
  2043 | D:3      | Reached skill level 5 in Fighting
  2054 | D:3      | Found a runed translucent door.
  2055 | D:3      | Noticed Crazy Yiuf
  2067 | D:3      | Killed Crazy Yiuf
  2068 | D:3      | Reached XP level 5. HP: 23/48 MP: 1/5
  2325 | D:3      | Found Laile's Antique Weapon Emporium.
  2337 | D:3      | Bought an arbalest for 94 gold pieces
  2537 | D:4      | Noticed a sky beast
  2556 | D:4      | Killed a sky beast
  2573 | D:4      | Reached skill level 6 in Fighting
  2641 | D:4      | Reached XP level 6. HP: 39/57 MP: 6/6
  2650 | D:4      | Reached skill level 5 in Armour
  2827 | D:4      | Noticed Sigmund
  2838 | D:4      | Killed Sigmund
  2839 | D:4      | Reached skill level 7 in Fighting
  2839 | D:4      | Reached skill level 5 in Axes
  2839 | D:4      | Reached XP level 7. HP: 57/66 MP: 7/7
  3205 | D:2      | Bought a +1 hand axe of electrocution for 145 gold pieces
  3362 | D:5      | Entered Level 5 of the Dungeon
  3362 | D:5      | Noticed Duvessa
  3362 | D:5      | Noticed Dowan
  3371 | D:5      | Killed Dowan
  3382 | D:5      | Slain by Duvessa

Illustrated notes

Levels and vault maps discovered:
D:1:      amcnicky_arrival_single_pillar, layout_basic
D:2:      layout_loops_ring, serial_shops, nicolae_shop_hallway_stairs,
          nicolae_diamond_shop, basic_altar,
          dreamdust_ecumenical_altar_drowned_temple, nicolae_eternal_life
D:3:      layout_basic, nicolae_uskayaw_en_pointe, serial_shops,
          nicolae_shop_statue_plus, minmay_misc_feat_doors,
          nicolae_elevator_lobby_asterisk, uniq_crazy_yiuf_cottage, uniq_terence
D:4:      layout_cave_pools, minmay_misc_feat_four_crosses,
          hangedman_decor_riveting, hangedman_decor_diamond_cutter,
          minivault_24, minmay_lizard_king, uniq_sigmund
D:5:      layout_layer_cave, uniq_duvessa

Skill      XL: |  1  2  3  4  5  6 |
---------------+-------------------+-----
Axes           | 3 4 5 |  5.9
Fighting       | 4 5 6 7 |  7.0
Armour         | 4 5 |  5.0
Shields        | |  3.8

Action                   |  1- 3 |  4- 6 |  7- 9 || total
-------------------------+-------+-------+-------++-------
Melee: War axe           |   102 |   108 |    24 ||   234
       Hand axe          |       |       |    17 ||    17
  Use: Scroll            |     7 |     2 |     2 ||    11
       Potion            |       |     4 |     1 ||     5
Armor: Scale mail        |    48 |       |       ||    48
       Plate armour      |    11 |    76 |    29 ||   116
Dodge: Dodged            |    35 |    27 |    11 ||    73
Block: Buckler           |    30 |    21 |    10 ||    61
